 Dungeon Crawl Stone Soup version 0.27-a0-343-gfcad680f63 (webtiles) character file.

Game seed: 7072396177488812202

5361 wampuh the Protected (level 10, -1/95 HPs)
             Began as a Minotaur Fighter on Feb 15, 2021.
             Was an Initiate of Qazlal.
             Slain by a death knight
             ... wielding a +0 morningstar
              (9 damage)
             ... on level 9 of the Dungeon.
             The game lasted 00:09:37 (11178 turns).

wampuh the Protected (Minotaur Fighter)            Turns: 11178, Time: 00:09:38

Health: -1/95      AC:  9    Str: 22    XL:     10   Next: 39%
Magic:  0/18       EV:  9    Int:  5    God:    Qazlal [......]
Gold:   610        SH: 12    Dex: 12    Spells: 9/9 levels left

rFire    + . .     SeeInvis .   a - +0 war axe
rCold    + . .     Faith    .   c - +0 kite shield
rNeg     . . .     Spirit   +   A - +2 ring mail {rF+}
rPois    .         Reflect  .   (helmet restricted)
rElec    .         Harm     .   (no cloak)
rCorr    .         Rampage  .   (no gloves)
Will     .....                  (no boots)
Stlth    +.........             D - amulet of guardian spirit
HPRegen  0.25/turn              r - ring of protection from cold
MPRegen  0.16/turn              p - ring of magical power

@: mighty, berserk cooldown, slowed, very slow
A: retaliatory headbutt, horns 2
a: Renounce Religion


You were on level 9 of the Dungeon.
You worshipped Qazlal.
Qazlal was noncommittal.
You visited 2 branches of the dungeon, and saw 10 of its levels.

You collected 610 gold pieces.

Inventory:

Hand Weapons
 a - a +0 war axe (weapon)
Armour
 c - a +0 kite shield (worn)
 A - a +2 ring mail of fire resistance (worn)
Jewellery
 p - a ring of magical power (right hand)
 r - a ring of protection from cold (left hand)
 D - an amulet of guardian spirit (around neck)
Wands
 h - a wand of paralysis (17)
 i - a wand of flame (19)
 y - a wand of polymorph (9)
 E - a wand of digging (5)
Scrolls
 e - 3 scrolls of immolation {unknown}
 g - 4 scrolls of amnesia {unknown}
 l - 3 scrolls of teleportation {unknown}
 n - 2 scrolls of enchant weapon {unknown}
 q - 4 scrolls of magic mapping
 s - a scroll of fear {unknown}
 v - 5 scrolls of enchant armour {unknown}
 w - a scroll of blinking {unknown}
 x - a scroll of random uselessness {unknown}
 B - 2 scrolls of brand weapon {unknown}
Potions
 b - a potion of degeneration {unknown}
 d - a potion of might
 f - 2 potions of mutation
 j - 2 potions of brilliance
 k - 2 potions of attraction
 m - 2 potions of lignification
 o - 3 potions of flight
 t - 3 potions of haste
 u - a potion of berserk rage
 C - a potion of ambrosia


   Skills:
 + Level 11.1 Fighting
 - Level 3.2 Axes
 + Level 11.1 Armour
 + Level 11.1 Shields


You had 9 spell levels left.
You didn't know any spells.
Your spell library contained the following spells:

 Spells                   Type           Power        Failure   Level
 Animate Skeleton         Necr           0%           78%         1
 Apportation              Tloc           0%           78%         1
 Beastly Appendage        Tmut           0%           78%         1
 Corona                   Hex            0%           78%         1
 Sandblast                Erth           0%           78%         1
 Summon Small Mammal      Summ           0%           78%         1
 Passwall                 Tmut/Erth      0%           89%         2
 Wereblood                Tmut           0%           89%         2
 Spider Form              Tmut/Pois      0%           98%         3
 Stone Arrow              Conj/Erth      0%           98%         3
 Ice Form                 Ice/Tmut       0%           100%        4
 Petrify                  Tmut/Erth      0%           100%        4
 Blade Hands              Tmut           0%           100%        5
 Lee's Rapid Deconstruct  Erth           0%           100%        5


Dungeon Overview and Level Annotations

Branches:
Dungeon (9/15)             Temple (1/1) D:7            Lair (0/6) D:8
    Orc: D:9-12

Altars:
Ashenzari
Cheibriados
Dithmenos
Elyvilon
Gozag
Hepliaklqana
Kikubaaqudgha
Makhleb
Nemelex Xobeh
Okawaru
Qazlal
Ru
Sif Muna
Uskayaw
Wu Jian
Xom
Yredelemnul
Zin
The Shining One

Shops:
D:6 [   D:7 *   D:8 :

Annotations:
D:6 exclusion: oklob plant


Innate Abilities, Weirdness & Mutations

You reflexively headbutt those who attack you in melee.
You have a pair of horns on your head.


Message History

You feel sick.
You feel sick.
You feel sick.
It was a potion of berserk rage.
A red film seems to cover your vision as you go berserk!
You feel yourself moving faster!
You feel mighty!
You feel a strong urge to attack something.
You feel sick.
You slash the death knight! Your headbutt misses the death knight.
The death knight is lightly wounded.
The death knight offers itself to Yredelemnul, and fills with unholy energy.
You closely miss the death knight.
The death knight is lightly wounded.
The kobold brigand throws a poisoned dart.
The poisoned dart hits you!
You are more poisoned.
The death knight hits you with a +0 morningstar!!
* * * LOW HITPOINT WARNING * * *
You feel sick.
You feel a strong urge to attack something.
You are no longer berserk.
You are exhausted.
You feel yourself slow down.
You feel sick.
The death knight mumbles some strange prayers to Yredelemnul against you.
Your body is wracked with pain!
* * * LOW HITPOINT WARNING * * *
You block the kobold brigand's attack. You block the death knight's attack.
You feel sick.
You feel better.
The death knight's dark mirror aura disappears.
The kobold brigand hits you but does no damage.
You block the death knight's attack. The kobold brigand barely misses you.
You furiously retaliate!
You headbutt the kobold brigand.
You feel very mighty all of a sudden.
The death knight hits you with a +0 morningstar!
* * * LOW HITPOINT WARNING * * *
You block the kobold brigand's attack.
The death knight hits you with a +0 morningstar!
You die...

#........#.....##.... ......
##......###.....########......
.....###.........##.....+......
......
#..........##.....#......
#...#.
#..#.......##.....#......
#...##
####.......##.....#.##### #..
#..#..#######.....#......
#.....#######.....###....
##.....K@...........#....
.......#.p............#....
......##..............#....
.#.... #..............#....
#.... #..............#....
##### ##############'#....
#........... #.......####
#.......####


You could see a death knight and a kobold brigand.

Vanquished Creatures
  Harold (D:7)
  A two-headed ogre (D:8)
  Pikel (D:8)
  Psyche (D:8)
  A troll (D:9)
  A slime creature (D:8)
  A wyvern (D:8)
  A water moccasin (D:7)
  2 ice beasts
  An orc warrior (D:7)
  2 sky beasts (D:5)
  3 ogres
  2 centaurs
  2 phantoms
  4 lemures
  2 bullfrogs
  2 scorpions
  6 killer bees
  4 wights (D:4)
  A howler monkey (D:5)
  A bullfrog zombie (D:5)
  A hound (D:3)
  A jelly (D:5)
  5 orc priests
  A bullfrog skeleton (D:8)
  A centaur skeleton (D:6)
  An iguana (D:6)
  7 worker ants
  6 orc wizards
  A hound zombie (D:9)
  3 gnolls (D:4)
  A river rat (D:4)
  12 adders
  3 white imps
  4 ufetubi
  3 worms
  6 dart slugs
  8 leopard geckos
  35 orcs
  3 bats (D:1)
  8 giant cockroaches
  8 goblins
  10 hobgoblins
  5 jackals
  4 quokkas
  2 ball pythons
  2 frilled lizards
  A jackal skeleton (D:5)
  8 kobolds
  A leopard gecko skeleton (D:4)
  A quokka skeleton (D:4)
  A quokka zombie (D:5)
  8 rats
201 creatures vanquished.

Vanquished Creatures (others)
  10 plants
10 creatures vanquished.

Grand Total: 211 creatures vanquished

Notes
Turn   | Place    | Note
-------+----------+-------------------------------------------
     0 | D:1      | wampuh the Minotaur Fighter began the quest for the Orb.
     0 | D:1      | Reached XP level 1. HP: 19/19 MP: 0/0
    90 | D:1      | Reached XP level 2. HP: 24/27 MP: 1/1
   565 | D:2      | Reached XP level 3. HP: 31/33 MP: 2/2
  1058 | D:2      | Reached XP level 4. HP: 41/41 MP: 3/3
  1809 | D:3      | Noticed an ogre
  1815 | D:3      | Killed an ogre
  1816 | D:3      | Reached skill level 5 in Fighting
  1816 | D:3      | Reached skill level 5 in Armour
  1816 | D:3      | Reached skill level 5 in Shields
  1816 | D:3      | Reached XP level 5. HP: 31/48 MP: 4/4
  2312 | D:3      | Reached XP level 6. HP: 52/56 MP: 5/5
  2760 | D:4      | Reached XP level 7. HP: 25/63 MP: 6/6
  4065 | D:5      | Entered Level 5 of the Dungeon
  4207 | D:5      | Reached XP level 8. HP: 54/73 MP: 7/7
  4413 | D:5      | Found an iron altar of Okawaru.
  5148 | D:6      | Noticed an oklob plant
  5150 | D:6      | Found a broken altar of Ashenzari.
  5715 | D:6      | Found Bopsu's Antique Armour Boutique.
  5778 | D:6      | Found a shimmering blue altar of Sif Muna.
  5861 | D:6      | Found a burning altar of Makhleb.
  6184 | D:7      | Noticed Harold
  6196 | D:7      | Killed Harold
  6197 | D:7      | Reached XP level 9. HP: 10/83 MP: 8/8
  6623 | D:7      | Found Fesut's Assorted Antiques.
  6643 | D:7      | Found a white marble altar of Elyvilon.
  7071 | D:7      | Found a staircase to the Ecumenical Temple.
  7094 | Temple   | Entered the Ecumenical Temple
  7288 | Temple   | Became a worshipper of Qazlal Stormbringer
  7326 | D:7      | HP: 3/84 [killer bee (6)]
  7326 | D:7      | HP: 1/84 [killer bee (2)]
  7919 | D:7      | Found an ornate altar of the Wu Jian Council.
  7920 | D:7      | Found a glowing golden altar of the Shining One.
  7922 | D:7      | Found a sparkling altar of Nemelex Xobeh.
  7928 | D:7      | Found a basalt altar of Yredelemnul.
  8004 | D:8      | Noticed Pikel
  8353 | D:8      | Paralysed by Pikel for 3 turns
  8363 | D:8      | Paralysed by Pikel for 3 turns
  8368 | D:8      | Killed Pikel
  8369 | D:8      | Reached skill level 10 in Fighting
  8369 | D:8      | Reached skill level 10 in Armour
  8369 | D:8      | Reached skill level 10 in Shields
  8742 | D:8      | Found Plog's Book Shoppe.
  8810 | D:8      | Noticed Psyche
  8824 | D:8      | Killed Psyche
  8825 | D:8      | Reached XP level 10. HP: 58/94 MP: 9/9
  9030 | D:8      | Noticed a two-headed ogre
  9040 | D:8      | Killed a two-headed ogre
  9156 | D:8      | Found a staircase to the Lair.
  9596 | D:9      | Noticed a cyclops
  9990 | D:9      | Noticed a death knight
  9991 | D:9      | Noticed a centaur warrior
 11178 | D:9      | Slain by a death knight

Illustrated notes

Levels and vault maps discovered:
D:1:      matt_arrival_los_fun, layout_rooms, kennysheep_flooded_box,
          lemuel_old_faithful
D:2:      minmay_spotlight, layout_basic
D:3:      layout_rooms, kennysheep_generic_room_2
D:4:      layout_cave_pools, gup_sewer_entry_spiral
D:5:      layout_basic, okawaru_metal_pillars_1_2
D:6:      layout_loops_ring, led_sif_pool, lightli_temple_of_fire, serial_shops,
          nicolae_shop_overgrown_old_shop, lemuel_oklob_altar
D:7:      layout_rooms, minitemple, old_standard_altar,
          minmay_temple_entry_overgrown, serial_shops, shop, uniq_harold
D:8:      layout_cave_pods, lair_entry_dummy, serial_shops,
          nicolae_shop_crystal, uniq_pikel, uniq_psyche
D:9:      hangedman_cross_cluster, layout_stronghold, serial_column_ruins,
          column_ruins_columns_T, column_ruins_corridor_plus,
          column_ruins_columns_water, column_ruins_columns_corner,
          column_ruins_columns_dead_end, column_ruins_columns_straight,
          minmay_misc_feat_enclosed, nicolae_ru_the_path_less_chosen
Temple:   regret_index_temple_generic_petals

Skill      XL: |  1  2  3  4  5  6  7  8  9 10 |
---------------+-------------------------------+-----
Shields        | 4 5 6 7 9 10 11 | 11.1
Armour         | 4 5 6 7 9 10 11 | 11.1
Fighting       | 4 5 6 7 9 10 11 | 11.1
Axes           | 3 |  3.2

Action                   |  1- 3 |  4- 6 |  7- 9 | 10-12 || total
-------------------------+-------+-------+-------+-------++-------
Melee: War axe           |    75 |   121 |   298 |    72 ||   566
       Headbutt          |    12 |    26 |    61 |    19 ||   118
  Use: Potion            |       |       |     6 |     4 ||    10
       Scroll            |       |       |    10 |       ||    10
Armor: Scale mail        |    27 |    62 |    95 |       ||   184
       Ring mail         |       |       |    57 |    38 ||    95
Dodge: Dodged            |    20 |    41 |   147 |    39 ||   247
Block: Kite shield       |    50 |    70 |   265 |    86 ||   471

Table legend: (Time is in decaauts)
 A = Elapsed time spent in this place.
 B = Non-inter-level travel time spent in this place.
 C = Inter-level travel time spent in this place.
 D = Time resting spent in this place.
 E = Time spent auto-exploring this place.
 F = Levels seen in this place.
 G = Mean time per level.
                   A        B        C        D        E       F      G
               +--------+--------+--------+--------+--------+-----+--------+
         Total |  11502 |  11233 |    269 |   4209 |   5453 |  10 | 1150.2 |
       Dungeon |  11280 |  11037 |    243 |   4209 |   5268 |   9 | 1253.3 |
        Temple |    221 |    195 |     26 |      0 |    185 |   1 |  221.0 |
               +--------+--------+--------+--------+--------+-----+--------+

Top non-repeatable levels by time:
     D:8: 2493 daAuts
     D:7: 1946 daAuts
     D:4: 1513 daAuts
     D:3: 1488 daAuts
     D:6: 1133 daAuts
     D:5: 1041 daAuts
     D:2: 683 daAuts
     D:1: 567 daAuts
     D:9: 411 daAuts
  Temple: 221 daAuts
